cohdb
Replays
Latest Replays
All Replays
Popular Replays
Top Player Replays
Match Explorer
How It Works
Community
CoH3 Stats
Reddit
Sign in to upload your games and track your stats! →
Sign in with Steam
Threw away two King Tigers
Match 39431202
Overview
Messages
Build Orders
End
Scout Squad
Construct Barracks
Riflemen Squad
Riflemen Squad
Riflemen Squad
Infantry Support Center
Construct Medical Station
Construct Motor Pool
Selects Armored Battlegroup
Selects Fast Deploy
Selects Veteran Crews
M8 Greyhound Armored Car
Selects M8 Scott SPG
Engineer Squad
Grenade Package
M1918 Browning Automatic Rifles
M1 Mortar Team
M8 Scott SPG
Construct Tank Depot
Selects M4A3E8 Sherman Combat Group
Riflemen Squad
M1 Anti-tank Gun Team
M18 Hellcat Tank Destroyer
M18 Hellcat Tank Destroyer
Selects M31 Recovery Vehicle
Selects War Machine
M8 Scott SPG
M4A1 Sherman Medium Tank
Engineer Squad
M18 Hellcat Tank Destroyer
M18 Hellcat Tank Destroyer
Stana
Reakly
0
0
Comments
sign in to comment!
No comments posted yet!